 Dungeon Crawl Stone Soup version 0.18-a0-377-gde31b62 (webtiles) character file.

1348 Sixotanaka the Tainter (level 8, 0/50 HPs)
             Began as an Octopode Venom Mage on Nov 29, 2015.
             Was a Believer of Vehumet.
             Succumbed to their own toxic radiance
             ... on level 6 of the Dungeon.
             The game lasted 00:22:08 (7417 turns).

Sixotanaka the Tainter (Octopode Venom Mage)        Turns: 7417, Time: 00:22:08

Health: 0/50       AC: 10    Str:  7      XL:     8   Next: 63%
Magic:  6/13       EV: 12    Int: 19      God:    Vehumet [**....]
Gold:   206        SH:  0    Dex: 10 (12) Spells: 5 memorised, 0 levels left

rFire  + . .     SeeInvis .     s - +2 trident (protect)
rCold  + . .     Clarity  .     (no shield)
rNeg   . . .     SustAt   .     (helmet restricted)
rPois  +         Gourm    .     (no amulet)
rElec  +         Spirit   .     (no ring)
rCorr  +         Warding  .     (no ring)
rMut   .         Rnd*Tele +     (no ring)
MR     .....                    (no ring)
Stlth  +++.......               (no ring)
                                (no ring)
                                (no ring)
                                (no ring)

@: lethally poisoned (0 -> -5), resistant, very slightly contaminated, hasted,
invisible, very quick, not resistant to hostile enchantments, fairly stealthy
A: almost no armour, amphibious, 8 rings, constrict 8, tentacle spike 1, rough
black scales 1, camouflage 1, mutation resistance 1, robust 1, teleportitis 1,
gelatinous body 1
a: Renounce Religion


You were on level 6 of the Dungeon.
You worshipped Vehumet.
Vehumet was pleased with you.
You were hungry.

You visited 1 branch of the dungeon, and saw 6 of its levels.

You collected 206 gold pieces.


Innate Abilities, Weirdness & Mutations

You cannot wear most types of armour.
You are amphibious.
You can wear up to eight rings at the same time.
You can use your tentacles to constrict eight enemies at once.
Your skin changes colour to match your surroundings (Stealth).
Your rubbery body absorbs attacks (AC +1).
One of your tentacles bears a spike.
You are partially covered in rough black scales (AC +4, Dex -1).
You are somewhat resistant to further mutation.
You are robust (+10% HP).
You are occasionally teleported to nearby monsters.


   Skills:
 - Level 2.0 Dodging
 - Level 2.6 Stealth
 - Level 3.5 Spellcasting
 + Level 7.9 Conjurations
 - Level 8.2 Poison Magic


You couldn't memorise any spells.
You knew the following spells:

 Your Spells              Type           Power        Failure   Level  Hunger
c - Mephitic Cloud        Conj/Pois/Air  ###.....     6%          3    ###....
u - Shock                 Conj/Air       ###.         3%          1    None
x - Venom Bolt            Conj/Pois      ####......   17%         5    ######.
y - Olgreb's Toxic Radia  Pois           ####....     6%          4    ####...
z - Sting                 Conj/Pois      ####         1%          1    None


Dungeon Overview and Level Annotations

Branches:
Dungeon (6/15)
 Temple: D:4-7

Altars:
Fedhas
Vehumet

Shops:
D:4 [

Annotations:
D:2 Sigmund
D:5 exclusion: zombie
D:6 exclusion: centaur

Inventory:

Hand Weapons
 g - a +2 dagger of venom
   (You took it off a goblin on level 1 of the Dungeon)
 k - a +5 spear
 o - a +3 dagger
 s - a +2 trident of protection (weapon)
   (You took it off an orc priest on level 4 of the Dungeon)
 D - the +9 spear "Oriatufi" {drain, MR++, unknown}
   (You took it off an orc on level 6 of the Dungeon)

   A truly terrible weapon, it drains the life of those it strikes.
   It affects your resistance to hostile enchantments.
Missiles
 h - 31 poisoned needles
 v - 5 tomahawks (quivered)
Armour
 x - the +2 hat of the High Council {Archmagi, Wiz- Stlth-}
   (You found it on level 6 of the Dungeon)

   It makes you less stealthy.
Jewellery
 C - an uncursed amulet of guardian spirit {unknown}
Wands
 f - a wand of frost (33)
 p - a wand of fireball (5)
 w - a wand of polymorph (11)
 z - a wand of teleportation (4) {@v4}
 E - a wand of polymorph (8)
Scrolls
 d - 2 scrolls of fog
 i - 2 scrolls of blinking
 l - 5 scrolls of enchant armour
 t - 2 scrolls of teleportation {@r4}
 y - 2 scrolls of identify {@r1}
Potions
 e - a potion of haste {@q3}
 m - 2 potions of agility
Books
 a - a Young Poisoner's Handbook
 F - a book of Flames
Comestibles
 b - 5 bread rations
 c - a fruit
 n - 2 meat rations
 B - 2 beef jerkies

#.....#...+........#
##....#...#.......>.
#.....#...##.......#
#.....#...##.......#
#.....#.............
#..†..#.............
#.....#.[..........#
#.....#...##.......#
##.@..#...##.......#
##....#....#.......#
#..<.##...##......)'
#....##...##.......#
##...##)...........#
#....##............#
#....['............#
##....#..........(.)
#.....#...##.......#


There were no monsters in sight!


Message History

You are more poisoned.
The orc wizard looks even sicker.
The orc priest looks even sicker.
The giant frog looks even sicker.
You feel sick. The giant frog closely misses you.
The orc priest calls down the wrath of Beogh upon you.
Something smites you!
You are more poisoned.
The giant frog looks even sicker.
Your toxic aura wanes.
You feel sick.
You feel sick.
A puff of flame appears from out of thin air!
The puff of flame misses the giant frog.
The puff of flame hits you!
* * * LOW HITPOINT WARNING * * *
The giant frog misses you.
You feel sick. Vehumet accepts your kill.
You feel a bit more experienced. Vehumet accepts your kill.
You feel your power returning.
You feel a bit more experienced.
You feel sick. The giant frog hits you.
* * * LOW HITPOINT WARNING * * *
* * * LOW HITPOINT WARNING * * *
You feel sick.
Drink which item? (? for menu, Esc to quit)
You feel yourself speed up.
* * * LOW HITPOINT WARNING * * *
You feel sick.
The giant frog hits you but does no damage.
The giant frog hits you.
* * * LOW HITPOINT WARNING * * *
You are very lightly contaminated with residual magic.
* * * LOW HITPOINT WARNING * * *
You feel sick.
* * * LOW HITPOINT WARNING * * *
You feel sick. Vehumet accepts your kill.
You feel a bit more experienced.
* * * LOW HITPOINT WARNING * * *
You feel sick.
You kill the giant frog!
Vehumet accepts your kill.
Drink which item? (? for menu, Esc to quit)
It was a potion of resistance.
You feel protected.
* * * LOW HITPOINT WARNING * * *
You feel sick.
Read which item? (? for menu, Esc to quit)
Okay, then.
Drink which item? (? for menu, Esc to quit)
It was a potion of invisibility.
You fade into invisibility!
Drink which item? (? for menu, Esc to quit)
It was a potion of degeneration.
There was something very wrong with that liquid.
You feel clumsy.
* * * LOW HITPOINT WARNING * * *
You feel sick.
Drink which item? (? for menu, Esc to quit)
Really quaff
r - 2 potions of mutation {!q}?
You feel extremely strange.
One of your lower tentacles grows a sharp spike.
You feel weirdly uncertain.
Rough black scales grow over part of your body.
Drink which item? (? for menu, Esc to quit)
Really quaff
r - a potion of mutation {!q}?
You feel extremely strange.
You feel robust.
You feel genetically stable.
You die...

Action                   |  1- 3 |  4- 6 |  7- 9 || total
-------------------------+-------+-------+-------++-------
Melee: Unarmed           |     5 |       |       ||     5
       Dagger            |     2 |     4 |       ||     6
       Spear             |       |    32 |       ||    32
       Trident           |       |       |    44 ||    44
Throw: Tomahawk          |       |     3 |       ||     3
 Cast: Sting             |    60 |   110 |    58 ||   228
       Olgreb's Toxic Ra |       |     6 |     7 ||    13
       Mephitic Cloud    |       |     2 |     3 ||     5
  Use: Scroll            |     3 |     4 |     3 ||    10
       Potion            |     1 |     1 |     6 ||     8
 Stab: Confused          |       |     1 |       ||     1
  Eat: Chunk             |     3 |    11 |     4 ||    18
       Beef jerky        |       |     1 |       ||     1
       Royal jelly       |       |     1 |       ||     1
       Pizza             |       |       |     2 ||     2
       Fruit             |       |       |     1 ||     1

Vault maps used:
D:1:      tarquinn_simple_flora_water_e, minmay_misc_feat_four_crosses
D:2:      st_stairs_11, minmay_misc_feat_plants, uniq_sigmund
D:3:      overflow_temple_1_default, minmay_rats_cheesy_pizza, uniq_iyjb,
          uniq_robin, uniq_jessica
D:4:      lemuel_round_altar, serial_shops, shop, st_stairs_8
D:5:      nicolae_overflow_hidden_temple, first_bread
D:6:      nrook_mini_backslash

Notes
Turn   | Place    | Note
--------------------------------------------------------------
     0 | D:1      | Sixotanaka the Octopode Venom Mage began the quest for the Orb.
     0 | D:1      | Reached XP level 1. HP: 11/11 MP: 3/3
   121 | D:1      | Reached skill level 1 in Conjurations
   256 | D:1      | Reached XP level 2. HP: 17/17 MP: 0/5
   492 | D:1      | Reached skill level 2 in Conjurations
   836 | D:1      | Reached skill level 5 in Poison Magic
  1093 | D:2      | Reached XP level 3. HP: 19/21 MP: 3/6
  1367 | D:2      | Noticed Sigmund
  1377 | D:2      | HP: 5/21 [Sigmund/wand of magic darts (10)]
  1786 | D:3      | Reached skill level 3 in Conjurations
  1786 | D:3      | Reached XP level 4. HP: 27/27 MP: 2/7
  1851 | D:3      | Noticed Ijyb
  1884 | D:3      | Killed Ijyb
  1974 | D:3      | Found a radiant altar of Vehumet.
  2017 | D:3      | Became a worshipper of Vehumet
  2113 | D:3      | Noticed Jessica
  2119 | D:3      | Killed Jessica
  2119 | D:3      | Reached XP level 5. HP: 31/31 MP: 2/8
  2312 | D:3      | Noticed Robin
  2328 | D:3      | Learned a level 4 spell: Olgreb's Toxic Radiance
  2591 | D:3      | Killed Robin
  2591 | D:3      | Reached skill level 4 in Conjurations
  2620 | D:3      | Learned a level 3 spell: Mephitic Cloud
  2756 | D:3      | Reached * piety under Vehumet
  2756 | D:3      | Offered knowledge of Shock by Vehumet.
  2986 | D:3      | Reached skill level 6 in Poison Magic
  3434 | D:4      | Found a blossoming altar of Fedhas.
  3668 | D:4      | Reached XP level 6. HP: 36/36 MP: 3/9
  3671 | D:4      | Learned a level 1 spell: Shock
  3774 | D:4      | Found Ror Zuo's Antique Armour Shop.
  3956 | D:4      | Reached skill level 5 in Conjurations
  4137 | D:4      | Reached ** piety under Vehumet
  4137 | D:4      | Offered knowledge of Throw Flame by Vehumet.
  4958 | D:4      | HP: 9/36 [poisoned by you (toxic radiance)]
  4964 | D:4      | HP: 6/36 [poisoned by you (toxic radiance)]
  4970 | D:4      | HP: 6/36 [poisoned by you (toxic radiance)]
  5296 | D:5      | Entered Level 5 of the Dungeon
  5297 | D:5      | Reached XP level 7. HP: 41/41 MP: 10/10
  5554 | D:5      | Reached skill level 6 in Conjurations
  6458 | D:6      | Reached skill level 3 in Spellcasting
  6625 | D:6      | Reached skill level 7 in Conjurations
  6625 | D:6      | Reached XP level 8. HP: 28/46 MP: 13/13
  6635 | D:6      | Learned a level 5 spell: Venom Bolt
  6793 | D:6      | Reached skill level 7 in Poison Magic
  6812 | D:6      | Got a pitted spear {drain}
  7101 | D:6      | Reached skill level 8 in Poison Magic
  7406 | D:6      | HP: 11/46 [poisoned by you (toxic radiance)]
  7407 | D:6      | HP: 5/46 [giant frog (5)]
  7413 | D:6      | HP: 2/46 [poisoned by you (toxic radiance)]
  7416 | D:6      | Gained mutation: One of your tentacles bears a spike. [potion of mutation]
  7416 | D:6      | Gained mutation: You are occasionally teleported to nearby monsters. [potion of mutation]
  7416 | D:6      | Gained mutation: You are partially covered in rough black scales (AC +4, Dex -1). [potion of mutation]
  7417 | D:6      | Gained mutation: You are robust (+10% HP). [potion of mutation]
  7417 | D:6      | Gained mutation: You are somewhat resistant to further mutation. [potion of mutation]
  7417 | D:6      | Succumbed to their own toxic radiance

Vanquished Creatures
  An orc warrior (D:6)
  An ogre (D:5)
  2 centaurs (D:6)
  5 giant frogs (D:6)
  A crimson imp (D:5)
  4 orc wizards
  A hound (D:4)
  3 orc priests
  A giant frog skeleton (D:4)
  Ijyb (D:3)
  A giant frog zombie (D:6)
  A gnoll shaman (D:4)
  Jessica (D:3)
  3 worker ants
  Robin (D:3)
  2 gnolls (D:4)
  6 adders
  An ooze (D:3)
  An adder skeleton (D:4)
  2 worms
  7 giant geckos
  14 orcs
  2 bats
  8 giant cockroaches
  7 hobgoblins
  A quokka (D:6)
  A ball python (D:4)
  A giant gecko skeleton (D:5)
  A giant gecko zombie (D:5)
  5 giant newts
  12 goblins
  2 jackals (D:4)
  7 kobolds
  36 rats
143 creatures vanquished.
